 Dungeon Crawl Stone Soup version 0.26-b1-32-g5d43845318 (webtiles) character file.

Game seed: 1891954911320928152

207 Borgoz the Cudgeller (level 5, -1/32 HPs)
             Began as a Gargoyle Gladiator on Jan 10, 2021.
             Splashed by a jelly's acid (5 damage)
             ... on level 3 of the Dungeon.
             The game lasted 00:02:57 (2514 turns).

Borgoz the Cudgeller (Gargoyle Gladiator)           Turns: 2514, Time: 00:02:57

Health: -1/32      AC:  8    Str: 17    XL:     5   Next: 85%
Magic:  5/5        EV: 13    Int:  9    God:
Gold:   156        SH:  0    Dex: 12    Spells: 4/4 levels left

rFire    + . .     SeeInvis .   a - +0 flail
rCold    . . .     Faith    .   (no shield)
rNeg     + . .     Spirit   .   b - +0 leather armour
rPois    ∞         Reflect  .   c - +0 helmet
rElec    +         Harm     .   (no cloak)
rCorr    .         Rampage  .   (no gloves)
Will     .....                  (no boots)
Stlth    +.........             (no amulet)
HPRegen  0.10/turn              g - ring of protection from fire
MPRegen  0.09/turn              (no ring)

@: no status effects
A: negative energy resistance 1, electricity resistance, unbreathing,
petrification resistance, miasma immunity, AC +4
a: no special abilities


You were on level 3 of the Dungeon.
You visited 1 branch of the dungeon, and saw 3 of its levels.

You collected 156 gold pieces.

Inventory:

Hand Weapons
 a - a +0 flail (weapon)
Missiles
 d - 3 throwing nets (quivered)
Armour
 b - a +0 leather armour (worn)
 c - a +0 helmet (worn)
Jewellery
 g - a ring of protection from fire (left hand)
Wands
 j - a wand of paralysis (9)
Scrolls
 e - a scroll of blinking
 h - a scroll of enchant armour
 l - a scroll of fog {unknown}
 n - 2 scrolls of magic mapping {unknown}
 o - a scroll of enchant weapon {unknown}
Potions
 f - a potion of haste
 i - a potion of attraction {unknown}
 k - a potion of heal wounds


   Skills:
 + Level 3.4 Fighting
 * Level 4.5 Maces & Flails
 - Level 1.7 Throwing
 * Level 3.8 Dodging


You had 4 spell levels left.
You didn't know any spells.
Your spell library was empty.

Dungeon Overview and Level Annotations

Branches:
Dungeon (3/15)

Altars:
Makhleb


Innate Abilities, Weirdness & Mutations

You are resistant to torment.
Your stone body is resilient. (AC +4)
You are immune to poison.
You resist negative energy. (rN+)
You are resistant to electric shocks. (rElec)
You can survive without breathing.
You are immune to petrification.
You are immune to miasma.


Message History

You see here a hobgoblin skeleton.
The ooze hits you but does no damage.
You hit the jelly.
Your hands burn!
* * * LOW HITPOINT WARNING * * *
The jelly is moderately wounded.
The jelly hits you but does no damage. The ooze closely misses you.
You barely miss the jelly.
The jelly is moderately wounded.
The jelly hits you but does no damage. The ooze misses you.
The jelly closely misses you.
You thump the jelly!
Your hands burn!
* * * LOW HITPOINT WARNING * * *
The jelly is almost dead.
The ooze closely misses you. The jelly barely misses you.
The ooze hits you but does no damage.
You barely miss the jelly.
The jelly is almost dead.
The jelly hits you but does no damage. The ooze closely misses you.
You hit the jelly but do no damage.
Your hands burn!
You die...

#.#.# #?.....##(#######
#.#.#
#.P..÷.#.#.#....#####
#...#
#......#(#.#.)...##.###
#####
#.÷....#.#'#......'....
#......#†#.......()(.##
#P....÷#.#.......)()##
#.÷.÷..#.#.......##.#
#P...JJ'##......#####
#÷....@##########
########


You could see a jelly and an ooze.

Vanquished Creatures
  2 jellies (D:3)
  An iron imp (D:2)
  A worker ant zombie (D:2)
  6 oozes (D:3)
  3 adder skeletons (D:2)
  A worm (D:2)
  4 dart slugs (D:1)
  A leopard gecko (D:2)
  2 orcs (D:3)
  9 bats
  A giant cockroach (D:1)
  3 goblins (D:1)
  4 hobgoblins
  A ball python (D:1)
  A frilled lizard (D:1)
  19 kobolds
  A leopard gecko skeleton (D:2)
  A quokka zombie (D:2)
  8 rats
69 creatures vanquished.

Vanquished Creatures (others)
  3 fungi (D:3)
  8 toadstools (D:3)
11 creatures vanquished.

Grand Total: 80 creatures vanquished

Notes
Turn   | Place    | Note
-------+----------+-------------------------------------------
     0 | D:1      | Borgoz the Gargoyle Gladiator began the quest for the Orb.
     0 | D:1      | Reached XP level 1. HP: 12/12 MP: 1/1
   168 | D:1      | Reached XP level 2. HP: 10/18 MP: 2/2
   635 | D:1      | Reached XP level 3. HP: 22/22 MP: 3/3
  1501 | D:2      | Found a burning altar of Makhleb.
  1511 | D:2      | Reached XP level 4. HP: 26/27 MP: 4/4
  1816 | D:2      | Reached skill level 4 in Maces & Flails
  2222 | D:3      | Reached XP level 5. HP: 9/32 MP: 5/5
  2514 | D:3      | Splashed by a jelly's acid

Illustrated notes

Levels and vault maps discovered:
D:1:      wheals_arrival_shading, layout_loops_ring, grunt_decor_fettered
D:2:      layout_loops_ring, makhleb_grotto_becter, serial_undead,
          serial_undead_c, serial_undead_e, serial_undead_b, serial_undead_a,
          serial_undead_c, serial_undead_e, grunt_ministairs_10
D:3:      cheibrodos_fertilizer, layout_basic, nemelex_lonely_heart_becter

Skill      XL: |  1  2  3  4 |
---------------+-------------+-----
Dodging        | 3 |  3.8
Fighting       | 3 |  3.4
Maces & Flails | 4 |  4.5
Throwing       | |  1.7

Action                   |  1- 3 |  4- 6 || total
-------------------------+-------+-------++-------
Melee: Flail             |   124 |   120 ||   244
  Use: Scroll            |       |     7 ||     7
       Potion            |       |     1 ||     1
 Stab: Sleeping          |     1 |       ||     1
Armor: Leather armour    |    71 |    72 ||   143
Dodge: Dodged            |   101 |   139 ||   240
